 Dungeon Crawl Stone Soup version 0.31-a0-426-g3a05650e59 (webtiles) character file.

Game seed: 14126140590042345489

3642 LustLizard the Grappler (level 10, 0/59 HPs)
             Began as an Octopode Shapeshifter on July 31, 2023.
             Was a Follower of Hepliaklqana.
             Slain by a fire bat (3 damage)
             ... on level 5 of the Dungeon.
             The game lasted 00:18:05 (9486 turns).

LustLizard the Grappler (Octopode Shapeshifter)     Turns: 9486, Time: 00:18:05

Health: 0/59       AC:  1    Str: 14    XL:     10   Next: 12%
Magic:  16/16      EV: 14    Int: 15    God:    Hepliaklqana [*.....]
Gold:   476        SH:  0    Dex: 13    Spells: 9/17 levels left

rFire   + .          .
                       - Unarmed
rCold   + . .        (no shield)
rNeg    . . .        (helmet currently unavailable)
rPois   +            d - amulet of magic regeneration
rElec   +            (no ring)
rCorr   +            (no ring)
SInv    .            (no ring)
Will    .....        (no ring)
Stlth   +++          (no ring)
HPRegen 0.29/turn    (no ring)
MPRegen 0.55/turn    (no ring)
                     (no ring)

%: no passive effects
@: beast-form, resistant
A: beast (slay +4), reduced essence, almost no armour, amphibious, 8 rings,
camouflage 1, gelatinous body 1, (nimble swimmer 1), tentacles
a: Begin Untransformation, Renounce Religion, Recall Ancestor, Ancestor Identity


You were on level 5 of the Dungeon.
You worshipped Hepliaklqana.
Hepliaklqana was aware of your devotion.
You were a hulking beast.
You visited 2 branches of the dungeon, and saw 9 of its levels.

You collected 476 gold pieces.

Inventory:

Missiles
 n - 8 poisoned darts
 u - 2 throwing nets
Jewellery
 d - an amulet of magic regeneration (around mantle)
 i - an amulet of regeneration
Talismans
 b - a beast talisman (active)
 p - a blade talisman
Wands
 t - a wand of flame (27)
Scrolls
 e - 2 scrolls of immolation
 g - a scroll of amnesia {unknown}
 h - a scroll of enchant weapon {unknown}
 j - a scroll of torment {unknown}
 l - a scroll of brand weapon {unknown}
 o - a scroll of vulnerability {unknown}
 r - a scroll of enchant armour {unknown}
Potions
 a - a potion of magic
 c - a potion of heal wounds
 f - a potion of cancellation {unknown}
 k - a potion of brilliance {unknown}
 m - a potion of resistance
 q - a potion of mutation {unknown}
 s - 2 potions of attraction {unknown}


   Skills:
 + Level 5.2 Fighting
 + Level 3.3 Dodging
 - Level 4.0 Stealth
 * Level 8.1 Unarmed Combat
 - Level 4.0 Spellcasting
 - Level 4.0 Conjurations
 + Level 2.7 Hexes
 - Level 2.0 Air Magic
 - Level 2.0 Poison Magic
 * Level 6.2 Shapeshifting


You had 9 spell levels left.
You knew the following spells:

 Your Spells              Type           Power      Damage    Failure   Level
a - Magic Dart            Conj           60%        1d6       3%          1
b - Mephitic Cloud        Conj/Pois/Air  11%        N/A       19%         3
c - Fulminant Prism       Conj/Hex       6%         3d7       41%         4

Your spell library contained the following spells:

 Spells                   Type           Power      Damage    Failure   Level
 Searing Ray              Conj           30%        2d5       5%          2
 Call Imp                 Summ           6%         N/A       26%         2
 Lesser Beckoning         Tloc           6%         N/A       26%         2
 Sublimation of Blood     Necr           3%         N/A       26%         2
 Wereblood                Tmut           3%         N/A       26%         2
 Gell's Gravitas          Tloc           3%         N/A       47%         3
 Teleport Other           Tloc           3%         N/A       47%         3
 Dispersal                Tloc           1%         N/A       100%        6
 Summon Hydra             Summ           1%         N/A       100%        7


Dungeon Overview and Level Annotations

Branches:
Dungeon (8/15)             Temple (1/1) D:6
   Lair: D:8-11

Altars:
Ashenzari
Dithmenos
Elyvilon
Fedhas
Gozag
Hepliaklqana
Kikubaaqudgha
Makhleb
Nemelex Xobeh
Okawaru
Qazlal
Ru
Sif Muna
Trog
Uskayaw
Vehumet
Xom
Yredelemnul
Zin
The Shining One

Shops:
D:6 =


Innate Abilities, Weirdness & Mutations

You are a hulking beast.
Your limbs bulge with bestial killing power. (Slay +4)
Your life essence is reduced to manifest your ancestor. (-10% HP)
You cannot wear most types of armour.
You are amphibious.
You can wear up to eight rings at the same time.
Your skin changes colour to match your surroundings (Stealth+).
Your rubbery body absorbs attacks. (AC +1, EV +1)
((You are camouflaged when in or above water. (Stealth+)))
You have tentacles for arms and can constrict up to eight enemies at once.


Message History

There is an open door here.
Things that are here:
a +0 scale mail; a +0 hand axe
There is an open door here.
There is an open door here.
Things that are here:
a +0 robe; a +0 dagger
There is an open door here.
You open the door.
There is an open door here.
There is an open door here.
There is a transporter here.
You enter the transporter and appear at another place.
Tiberius is engulfed in blazing flames.
m - 2 potions of resistance (gained 1)
There are no items here.
You open the gate.
You are engulfed in blazing flames.
There is an open gate here.
You feel protected.
You are engulfed in blazing flames.
You resist.
You are engulfed in blazing flames.
You resist.
* * * LOW HITPOINT WARNING * * *
Tiberius is engulfed in blazing flames.
Okay, then.
You are engulfed in blazing flames.
You resist.
* * * LOW HITPOINT WARNING * * *
Tiberius is engulfed in blazing flames.
Unknown command.
The fire bat bites Tiberius.
Tiberius is engulfed in flames.
Tiberius resists.
Tiberius hits the fire bat.
The fire bat bites Tiberius but does no damage.
You see here a +0 club.
There is a transporter here.
You enter the transporter and appear at another place.
The fire bat barely misses you. The fire bat bites you.
* * * LOW HITPOINT WARNING * * *
You are engulfed in flames.
You resist.
You die...

.#....'...'[..........#....).....
.#....#'####..........#..........
.#.........#...##'#####..........
'#.......#######.................
.#########°○.○○#.................
.##☼.○○○☼#○°○°○#.................
.'#...°○○#○.○○°#.................
..#.°#.#.'°○R$}#..###'#..........
.©#°.©...°°☼.)§#h.....#######....
..#.°#.#.°°..$(#b...........#....
..#○○°☼.☼#.○○.°#'...........#####
.##..○○°.#○○°°☼##................
.#########○..°○##.....##.........
.'.......########.....##...<##...
.#..............#.....##....##...
.#..............#.....##....##...
.##'##...>......#...........#....


You could see the friendly Tiberius the ancestor and a fire bat (ally target).

Vanquished Creatures
  Joseph (D:7)
  Maggie (D:7)
  An unseen horror (D:4)
  Sigmund (D:2)
  A wraith (D:7)
  A water moccasin (D:6)
  2 black bears
  3 ogres
  A centaur (D:8)
  2 phantoms (D:6)
  3 bullfrogs (D:7)
  A gnoll sergeant (D:7)
  4 scorpions
  8 killer bees
  A howler monkey (D:5)
  5 hounds
  3 orc priests (D:7)
  2 gnoll boudas
  A sleepcap (D:6)
  6 orc wizards
  Robin (D:3)
  13 gnolls
  6 adders
  3 white imps
  2 ufetubi
  A worm (D:3)
  2 dart slugs (D:3)
  14 orcs
  8 ball pythons
  4 bats
  9 endoplasms
  2 giant cockroaches
  16 goblins
  16 hobgoblins
  4 jackals (D:5)
  6 quokkas
  3 frilled lizards
  6 kobolds
  9 rats
173 creatures vanquished.

Vanquished Creatures (collateral kills)
  A gnoll (D:7)
1 creature vanquished.

Grand Total: 174 creatures vanquished

Notes
Turn   | Place    | Note
-------+----------+-------------------------------------------
     0 | D:1      | LustLizard the Octopode Shapeshifter began the quest for
                  | the Orb.
     0 | D:1      | Reached XP level 1. HP: 13/13 MP: 1/1
   157 | D:1      | Reached XP level 2. HP: 14/18 MP: 2/2
   295 | D:1      | Reached skill level 1 in Stealth
   325 | D:1      | Learned a level 1 spell: Magic Dart
   422 | D:1      | Reached XP level 3. HP: 23/23 MP: 1/3
  1116 | D:2      | Noticed Sigmund
  1512 | D:3      | Noticed Robin
  1518 | D:2      | Reached XP level 4. HP: 13/29 MP: 4/4
  1677 | D:3      | Killed Robin
  2069 | D:3      | Reached skill level 4 in Unarmed Combat
  2069 | D:3      | Reached skill level 1 in Conjurations
  2491 | D:3      | Found a shimmering altar of Xom.
  2522 | D:3      | Found a shimmering blue altar of Sif Muna.
  3024 | D:2      | Killed Sigmund
  3025 | D:2      | Reached skill level 1 in Spellcasting
  3025 | D:2      | Reached XP level 5. HP: 28/35 MP: 4/7
  3025 | D:2      | Reached XP level 6. HP: 33/41 MP: 4/8
  3085 | D:4      | Learned a level 3 spell: Mephitic Cloud
  3996 | D:4      | Reached skill level 1 in Poison Magic
  3996 | D:4      | Reached XP level 7. HP: 45/45 MP: 7/9
  4186 | D:5      | Entered Level 5 of the Dungeon
  4334 | D:5      | Reached skill level 5 in Unarmed Combat
  4334 | D:5      | Reached skill level 1 in Air Magic
  4618 | D:5      | Found a transporter.
  4733 | D:4      | Killed an unseen horror
  4734 | D:4      | Reached XP level 8. HP: 18/52 MP: 11/11
  5112 | D:5      | Found a transporter.
  5384 | D:5      | Reached skill level 6 in Unarmed Combat
  6191 | D:6      | Found Anagg's One-of-a-Kind Rings.
  6205 | D:6      | Found a staircase to the Ecumenical Temple.
  6334 | D:6      | Reached skill level 5 in Shapeshifting
  6386 | D:6      | Reached XP level 9. HP: 52/58 MP: 13/13
  6397 | D:6      | Learned a level 4 spell: Fulminant Prism
  6836 | D:6      | Found a broken altar of Ashenzari.
  7198 | D:6      | Reached skill level 7 in Unarmed Combat
  7198 | D:6      | Reached skill level 1 in Hexes
  7263 | Temple   | Entered the Ecumenical Temple
  7478 | D:6      | Found a hazy altar of Hepliaklqana.
  7537 | D:6      | Became a worshipper of Hepliaklqana the Forgotten
  7849 | D:7      | Noticed Maggie
  8039 | D:7      | Killed Maggie
  8472 | D:7      | Noticed Joseph
  8589 | D:7      | Killed Joseph
  8590 | D:7      | Reached skill level 5 in Fighting
  8667 | D:7      | Reached XP level 10. HP: 62/66 MP: 16/16
  8872 | D:7      | Reached skill level 8 in Unarmed Combat
  9093 | D:8      | Reached * piety under Hepliaklqana
  9135 | D:8      | Found a stormy altar of Qazlal.
  9486 | D:5      | Slain by a fire bat

Illustrated notes

Levels and vault maps discovered:
D:1:      minmay_arrival_stair_chambers, layout_loops_ring,
          minmay_misc_feat_chi, hangedman_decor_points, grunt_decor_clamped,
          moated_statue
D:2:      layout_loops_ring, uniq_sigmund
D:3:      layout_basic, mainiacjoe_overflow_two_lobes, uniq_robin
D:4:      layout_basic, corexii_leaking_fountain,
          eino_small_chamber_without_monster
D:5:      gammafunk_cloud_chamber, layout_gridville
D:6:      layout_layer_cave, evilmike_ruin_ashenzari,
          nzn_hepliaklqana_mist_gate, minmay_temple_entry_grid,
          nicolae_shop_unique_rings
D:7:      layout_basic, chequers_garden, uniq_joseph, uniq_maggie
D:8:      layout_cave_pools, overflow_temple_1_default, minmay_misc_feat_x,
          guppyfry_shop_venom
Temple:   hellmonk_temple_of_storms

Skill      XL: |  1  2  3  4  5  6  7  8  9 10 |
---------------+-------------------------------+-----
Stealth        | 1 3 4 |  4.0
Fighting       | 2 3 4 5 |  5.2
Unarmed Combat | 4 5 6 7 8 |  8.1
Conjurations   | 1 2 3 4 |  4.0
Spellcasting   | 1 2 3 4 |  4.0
Poison Magic   | 1 2 |  2.0
Air Magic      | 1 2 |  2.0
Shapeshifting  | 4 5 6 |  6.2
Hexes          | 2 |  2.7
Dodging        | 3 |  3.3

Action                     |  1- 3 |  4- 6 |  7- 9 | 10-12 || total
---------------------------+-------+-------+-------+-------++-------
  Melee: Unarmed           |    46 |    56 |   183 |    15 ||   300
         Constrict         |    12 |    14 |    37 |     3 ||    66
         Tentacles         |     9 |     8 |    44 |     5 ||    66
         Punch             |     1 |     2 |     6 |       ||     9
  Throw: Dart              |       |     2 |     8 |       ||    10
   Cast: Magic Dart        |    52 |   100 |   165 |    22 ||   339
         Mephitic Cloud    |       |       |    11 |     1 ||    12
 Invoke: Recall Ancestor   |       |       |       |     1 ||     1
         Ancestor Identity |       |       |       |     1 ||     1
    Use: Scroll            |       |     1 |     6 |       ||     7
         Potion            |       |       |     4 |     1 ||     5
   Stab: Sleeping          |     1 |       |     2 |       ||     3
         Confused          |       |       |     9 |       ||     9
 Armour: Skin              |     3 |     1 |    17 |       ||    21
  Dodge: Dodged            |    24 |    26 |    67 |    13 ||   130

Table legend: (Time is in decaauts)
 A = Elapsed time spent in this place.
 B = Non-inter-level travel time spent in this place.
 C = Inter-level travel time spent in this place.
 D = Time resting spent in this place.
 E = Time spent auto-exploring this place.
 F = Levels seen in this place.
 G = Mean time per level.
                   A        B        C        D        E       F      G
               +--------+--------+--------+--------+--------+-----+--------+
         Total |   9466 |   8827 |    639 |   1886 |   5454 |   9 | 1051.8 |
       Dungeon |   9465 |   8826 |    639 |   1886 |   5454 |   8 | 1183.1 |
        Temple |      1 |      1 |      0 |      0 |      0 |   1 |    1.0 |
               +--------+--------+--------+--------+--------+-----+--------+

Top non-repeatable levels by time:
     D:6: 2040 daAuts
     D:4: 1610 daAuts
     D:5: 1477 daAuts
     D:7: 1397 daAuts
     D:3: 1207 daAuts
     D:1: 852 daAuts
     D:2: 819 daAuts
     D:8: 60 daAuts
  Temple: 1 daAuts
